 Dungeon Crawl Stone Soup version 0.12.2-23-ge55d17c (webtiles) character file.

3683 Gabry the Protected (level 9, -4/74 HPs)
             Began as a Minotaur Fighter on Sept 2, 2013.
             Was a Believer of Okawaru.
             Slain by a gnoll sergeant
             ... wielding a +2,+5 spear of pain
              (6 damage)
             ... on Level 8 of the Dungeon.
             The game lasted 00:47:56 (8904 turns).

Gabry the Protected (Minotaur Fighter)              Turns: 8904, Time: 00:47:56

HP  -4/74        AC 15     Str 22      XL: 9   Next: 69%
MP   3/3         EV  8     Int  5      God: Okawaru [**....]
Gold 406         SH 12     Dex 15      Spells:  0 memorised,  8 levels left

Res.Fire  : . . .   See Invis. : .   a - +1,+0 mace
Res.Cold  : . . .   Warding    : .   e - +2 dwarf chain mail
Life Prot.: . . .   Conserve   : .   D - +0 buckler
Res.Poison: +       Res.Corr.  : .   (helmet restricted)
Res.Elec. : .       Clarity    : .   (no cloak)
Sust.Abil.: . .     Spirit.Shd : .   i - +2 pair of gloves
Res.Mut.  : .       Stasis     : .   (no boots)
Res.Rott. : .       Ctrl.Telep.: .   (no amulet)
Saprovore : . . .   Flight     : .   x - +3 ring of dexterity
                                     H - ring of poison resistance

@: slightly resistant to hostile enchantments, extremely unstealthy
A: retaliatory headbutt, horns 2
a: Heroism, Renounce Religion


You were on level 8 of the Dungeon.
You worshipped Okawaru.
Okawaru was most pleased with you.
You were not hungry.

You visited 2 branches of the dungeon, and saw 9 of its levels.

You collected 386 gold pieces.

Inventory:

Hand weapons
 a - a +1,+0 mace (weapon)
 g - a +1,+2 dagger of electrocution (quivered)
 j - a +1,+0 flail
 r - a +1,+2 sling of flame
 B - a cursed -4,-2 orcish battleaxe
 G - a +1,+0 dwarven war axe
Armour
 b - a +0 scale mail
 c - a +0 orcish splint mail
 e - a +2 dwarven chain mail (worn)
 i - a +2 pair of gloves (worn)
 D - a +0 buckler (worn)
Magical devices
 q - a wand of slowing (11)
 C - a wand of teleportation (4) {unknown}
Comestibles
 d - 6 bread rations
 z - a slice of pizza
Scrolls
 k - a scroll of teleportation
 l - a scroll of magic mapping
 m - 3 scrolls of identify
 n - 3 scrolls of remove curse
 v - a scroll of recharging
Jewellery
 h - an uncursed ring of sustenance
 o - an uncursed ring of see invisible
 t - an uncursed ring of flight
 x - a +3 ring of dexterity (right hand)
 H - a ring of poison resistance (left hand)
Potions
 f - 3 potions of curing
 p - a potion of heal wounds
 s - a potion of speed
 u - a potion of restore abilities
 A - a potion of mutation {unknown}
 E - a potion of resistance {unknown}
Books
 w - a book of Party Tricks

   Spells                             Type                      Level
   Summon Butterflies                 Summoning                    1
   Apportation                        Translocation                1
   Blink                              Translocation                2
   Alistair's Intoxication            Transmutation/Poison         4
   Tukima's Dance                     Hexes                        5
 y - a book of Spatial Translocations

   Spells                             Type                      Level
   Apportation                        Translocation                1
   Portal Projectile                  Translocation                2
   Blink                              Translocation                2
   Shroud of Golubria                 Charms/Translocation         2
   Teleport Other                     Translocation                3
   Passage of Golubria                Translocation                4


   Skills:
 + Level 5.8 Fighting
 - Level 1.0 Axes
 * Level 8.3 Maces & Flails
 + Level 8.4 Armour
 + Level 6.4 Dodging
 + Level 1.3 Stealth
 + Level 6.4 Shields
 + Level 2.3 Traps
 + Level 0.2 Evocations


You had 8 spell levels left.
You didn't know any spells.

Dungeon Overview and Level Annotations

Branches:
Dungeon (8/27)             Temple (1/1) D:6
    Orc: D:6-11        Lair: D:8-13

Altars:
Ashenzari
Elyvilon
Fedhas
Kikubaaqudgha
Makhleb
Nemelex Xobeh
Okawaru
Sif Muna
Trog
Vehumet
Xom
Yredelemnul
Zin
the Shining One

Shops:
D:6: =


Innate Abilities, Weirdness & Mutations

You reflexively headbutt those who attack you in melee.
You have a pair of horns on your head.


Message History

The orc priest hits you with a mace. You block the gnoll sergeant's attack.
You block the orc's attack.
Things that are here:
an orcish flail; a robe Your chain mail prevents you from hitting the orc.
You block the orc's attack.
You hit the orc but do no damage.
The orc hits you with an orcish short sword.
You block the orc priest's attack.
The gnoll sergeant hits you from afar with a spear of pain!
* * * LOW HITPOINT WARNING * * *
You hit the orc. You headbutt the orc, but do no damage.
The orc is lightly wounded.
You block the orc's attack.
The orc priest hits you but does no damage.
The orc priest calls down the wrath of Beogh upon you.
Something smites you!
* * * LOW HITPOINT WARNING * * *
The gnoll sergeant hits you from afar with a spear of pain.
You die... ##...## #.# #.....##### #.## #.........# #... #.....)...# #og ##........# #gg

#........# #g# ...
#........# #g# ......
#.....o..# #o# ......
#........# #@# #.....
#........####o#########
#.....
###....o..o(...##.....#
#..... #.....).(....##.....#
#..... #......).....##.....#
#..... #............##.....#
#.....
#............##.....####'#'#
#........)...##......# #.#..
#........)...###.)...###.#.#


You could see a gnoll sergeant, 2 orc priests, 4 gnolls and an orc.

Vanquished Creatures
  Grinder (D:4)
  A two-headed ogre (D:8)
  A hippogriff (D:8)
  The ghost of gilgaladt the Skirmisher, an average DsMo (D:4)
  An orc warrior (D:5)
  2 troll zombies
  A hippogriff zombie (D:6)
  2 sky beasts (D:8)
  An ogre (D:4)
  Sigmund (D:5)
  2 centaurs
  2 giant frogs
  A centaur zombie (D:7)
  2 giant frog skeletons
  A jellyfish (D:7)
  5 wights (D:8)
  5 crimson imps
  3 orc priests
  2 shadows
  6 hounds
  A hound skeleton (D:5)
  2 iguanas
  2 scorpions
  6 worker ants
  A big fish (D:7)
  A worker ant zombie (D:4)
  2 orc wizards
  Ijyb (D:5)
  Jessica (D:2)
  4 adders
  9 gnolls
  3 giant mites
  2 worms
  A giant eyeball (D:6)
  3 giant geckos (D:2)
  An ooze (D:1)
  26 orcs
  2 giant cockroaches
  8 hobgoblins
  3 jackals
  13 kobolds
  3 quokkas
  3 ball pythons
  9 bats
  5 giant newts
  11 goblins
  A hobgoblin zombie (D:6)
  An orc skeleton (D:4)
  14 rats
  3 plants (D:7)
183 creatures vanquished.

Vanquished Creatures (others)
  2 jackals
  A goblin (D:3)
3 creatures vanquished.

Grand Total: 186 creatures vanquished

Notes
Turn   | Place    | Note
--------------------------------------------------------------
     0 | D:1      | Gabry, the Minotaur Fighter, began the quest for the Orb.
     0 | D:1      | Reached XP level 1. HP: 19/19 MP: 0/0
   179 | D:1      | Reached XP level 2. HP: 23/26 MP: 0/0
   405 | D:1      | Reached skill level 4 in Shields
   880 | D:2      | Reached XP level 3. HP: 12/33 MP: 1/1
  1025 | D:2      | Noticed Jessica
  1046 | D:2      | Killed Jessica
  1074 | D:2      | Found a deep blue altar of Sif Muna.
  1170 | D:2      | Reached XP level 4. HP: 40/40 MP: 1/1
  1763 | D:3      | Reached skill level 1 in Dodging
  1936 | D:3      | Reached XP level 5. HP: 18/46 MP: 1/1
  2248 | D:3      | Found a burning altar of Makhleb.
  2258 | D:3      | Reached skill level 5 in Armour
  2435 | D:4      | Noticed an ogre
  2438 | D:4      | Killed an ogre
  2438 | D:4      | Reached XP level 6. HP: 20/53 MP: 2/2
  2775 | D:4      | Noticed gilgaladt's ghost (average DsMo)
  2791 | D:4      | Killed gilgaladt's ghost
  2791 | D:4      | Reached skill level 6 in Armour
  2791 | D:4      | Reached skill level 1 in Traps
  2813 | D:4      | Reached XP level 7. HP: 40/59 MP: 2/2
  3196 | D:4      | Noticed Grinder
  3197 | D:4      | Reached skill level 5 in Shields
  3533 | D:5      | Entered Level 5 of the Dungeon
  3533 | D:5      | Noticed Sigmund
  3786 | D:4      | Paralysed by Grinder for 6 turns
  3797 | D:4      | Paralysed by Grinder for 3 turns
  3801 | D:4      | Killed Grinder
  3801 | D:4      | Reached skill level 5 in Maces & Flails
  3960 | D:5      | Noticed Ijyb
  3972 | D:5      | Killed Ijyb
  4016 | D:5      | Killed Sigmund
  4016 | D:5      | Reached skill level 7 in Armour
  4016 | D:5      | Reached skill level 1 in Stealth
  4059 | D:5      | Reached XP level 8. HP: 64/67 MP: 2/2
  4099 | D:5      | Found a glowing golden altar of the Shining One.
  4118 | D:5      | Became a worshipper of the Shining One
  4443 | D:5      | HP: 2/67 [orc warrior/orcish hand axe (5)]
  5412 | D:5      | Reached skill level 1 in Axes
  5919 | D:6      | Found a blossoming altar of Fedhas.
  6056 | D:6      | Found a staircase to the Ecumenical Temple.
  6066 | Temple   | Entered the Ecumenical Temple
  6087 | Temple   | Fell from the grace of the Shining One
  6087 | Temple   | Became a worshipper of Warmaster Okawaru
  6468 | D:6      | Reached skill level 5 in Fighting
  6666 | D:6      | Reached skill level 5 in Dodging
  6749 | D:6      | Found Saing's Jewellery Boutique.
  7040 | D:7      | Found a shimmering altar of Xom.
  7273 | D:7      | Reached skill level 8 in Armour
  7278 | D:7      | Acquired Okawaru's first power
  7278 | D:7      | Reached XP level 9. HP: 70/73 MP: 3/3
  7372 | D:7      | Found a shattered altar of Ashenzari.
  7377 | D:7      | Saw a vision of the Shoals and the Snake Pit.
  7378 | D:7      | Noticed a sea snake
  7470 | D:7      | Found a glowing silver altar of Zin.
  7542 | D:7      | Found a sparkling altar of Nemelex Xobeh.
  8755 | D:8      | Found a basalt altar of Yredelemnul.
  8904 | D:8      | HP: 2/74 [orc priest/divine providence (15)]
  8904 | D:8      | Slain by a gnoll sergeant

Action                   |  1- 3 |  4- 6 |  7- 9 || total
-------------------------+-------+-------+-------++-------
Melee: Mace              |    81 |   113 |   577 ||   771
       War axe           |       |       |    30 ||    30
       Flail             |       |       |    13 ||    13
Evoke: Wand              |       |       |     3 ||     3
  Use: Potion            |     3 |       |    11 ||    14
       Scroll            |       |    12 |    18 ||    30
